 Dungeon Crawl Stone Soup version 0.28.0-45-g0d030f2227 (webtiles) character file.

Game seed: 6155626079503679437

23037 issech the Basher (level 12, -3/107 (109) HPs)
             Began as a Troll Monk on Apr 14, 2022.
             Was the Champion of Hepliaklqana.
             Slain by a spriggan rider
             ... wielding a +0 spear
              (16 damage)
             ... on level 3 of the Lair of Beasts.
             The game lasted 01:09:39 (13415 turns).

issech the Basher (Troll Monk)                     Turns: 13415, Time: 01:09:39

HP:   -3/107 (109)  AC:  7    Str: 26    XL:     12   Next: 68%
MP:   11/11         EV: 14    Int:  6    God:    Hepliaklqana [******]
Gold: 855           SH:  0    Dex: 19    Spells: 11/11 levels left

rFire   . . .      SeeInvis .   O - +7 mace of Watchfulness {speed, rPois Str+4 Dex+3}
rCold   . . .      Faith    .   (no shield)
rNeg    . . .      Spirit   .   R - +2 robe {Will+}
rPois   +          Reflect  .   (helmet restricted)
rElec   .          Harm     .   N - +0 cloak
rCorr   .          Rampage  .   (gloves unavailable)
Will    +....                   (boots unavailable)
Stlth   +++.......              I - amulet of regeneration
HPRegen 1.07/turn               (no ring)
MPRegen 0.12/turn               (no ring)

@: about to teleport, lightly drained
A: reduced essence, large, unfitting armour, claws 3, regeneration 1, shaggy fur
1, tough skin 1
a: Renounce Religion, Recall Ancestor, Ancestor Identity, Transference, Idealise


You were on level 3 of the Lair of Beasts.
You worshipped Hepliaklqana.
Hepliaklqana was exalted by your worship.
You visited 3 branches of the dungeon, and saw 16 of its levels.

You collected 855 gold pieces.

Inventory:

Hand Weapons
 i - a +0 morningstar
 l - a +4 hunting sling
 x - a +3 quarterstaff of chaos
 z - the +3 mace of the Shoals {vorpal, rPois rF+ rCorr}
   (You found it on level 3 of the Dungeon)

   It inflicts extra damage upon your enemies.
   rF:        It protects you from fire.
   rPois:     It protects you from poison.
   rCorr:     It protects you from acid and corrosion.
 O - the +7 mace of Watchfulness (weapon) {speed, rPois Str+4 Dex+3}
   (You took it off a centaur on level 7 of the Dungeon)

   Attacks with this weapon are significantly faster.
   Str:       It affects your strength (+4).
   Dex:       It affects your dexterity (+3).
   rPois:     It protects you from poison.
 U - a +5 trident
 W - a +1 vorpal flail
 Z - a +0 giant spiked club
Missiles
 d - 331 stones (quivered)
 e - 5 throwing nets
 j - 246 arrows
 t - 97 sling bullets
 u - 6 curare-tipped darts
 K - 34 poisoned darts
 T - 69 bolts
Armour
 N - a +0 cloak (worn)
 R - a +2 robe of willpower (worn)
Magical Staves
 b - a staff of fire
Jewellery
 I - an amulet of regeneration (around neck)
 X - an amulet of reflection
Wands
 a - a wand of acid (11)
 c - a wand of mindburst (11)
 w - a wand of flame (45)
 A - a wand of charming (4)
 F - a wand of polymorph (6)
 G - a wand of iceblast (38)
Scrolls
 f - 3 scrolls of fog
 h - 2 scrolls of vulnerability
 m - 3 scrolls of amnesia
 r - 4 scrolls of enchant weapon
 s - 2 scrolls of magic mapping
 v - 5 scrolls of enchant armour
 y - a scroll of acquirement {unknown}
 E - a scroll of silence
 L - a scroll of immolation {unknown}
 M - a scroll of teleportation
 P - 2 scrolls of brand weapon {unknown}
 Q - a scroll of identify
Potions
 g - a potion of brilliance {unknown}
 k - 4 potions of magic {unknown}
 n - a potion of lignification {unknown}
 o - 2 potions of flight {unknown}
 B - 3 potions of might {unknown}
 C - 2 potions of curing
 D - 2 potions of attraction {unknown}
 H - a potion of degeneration {unknown}
 J - 2 potions of heal wounds {unknown}
 S - a potion of haste {unknown}
 V - a potion of mutation {unknown}
Miscellaneous
 p - a phantom mirror
 q - a phial of floods
 Y - a piece from Xom's chessboard (15/15)


   Skills:
 + Level 8.4 Fighting
 + Level 12.8 Maces & Flails
 + Level 5.9 Throwing
 + Level 8.1 Dodging
 + Level 5.2 Stealth


You had 11 spell levels left.
You didn't know any spells.
Your spell library contained the following spells:

 Spells                   Type           Power      Damage    Failure   Level
 Slow                     Hex            0%         N/A       45%         1
 Sting                    Tmut/Pois      0%         1d3       45%         1
 Ensorcelled Hibernation  Hex/Ice        0%         N/A       58%         2
 Poisonous Vapours        Pois/Air       0%         N/A       58%         2
 Confusing Touch          Hex            0%         N/A       83%         3
 Ignite Poison            Fire/Tmut/Pois 0%         N/A       83%         3
 Mephitic Cloud           Conj/Pois/Air  0%         N/A       83%         3
 Spider Form              Tmut/Pois      0%         N/A       83%         3
 Vampiric Draining        Necr           0%         2d6       83%         3
 Anguish                  Hex/Necr       0%         N/A       99%         4
 Fulminant Prism          Conj/Hex       0%         3d6       99%         4
 Iskenderun's Mystic Bla  Conj/Tloc      0%         2d3       99%         4
 Olgreb's Toxic Radiance  Pois           0%         N/A       99%         4
 Petrify                  Tmut/Erth      0%         N/A       99%         4
 Freezing Cloud           Conj/Ice/Air   0%         6-21      100%        5
 Lee's Rapid Deconstruct  Erth           0%         3d5*      100%        5
 Metabolic Englaciation   Hex/Ice        0%         N/A       100%        5
 Statue Form              Tmut/Erth      0%         N/A       100%        6
 Chain Lightning          Conj/Air       0%         N/A       100%        9
 Fire Storm               Conj/Fire      0%         5d1       100%        9
 Shatter                  Erth           0%         3d5*      100%        9


Dungeon Overview and Level Annotations

Branches:
Dungeon (12/15)            Temple (1/1) D:7            Lair (3/6) D:11
 Shoals (0/4) Lair:3          Orc (0/2) D:9
  Snake: Lair:2-4    Spider: Lair:2-4

Altars:
Ashenzari
Cheibriados
Dithmenos
Elyvilon
Fedhas
Gozag
Hepliaklqana
Kikubaaqudgha
Makhleb
Nemelex Xobeh
Okawaru
Qazlal
Ru
Sif Muna
Trog
Uskayaw
Vehumet
Wu Jian
Xom
Yredelemnul
Zin
The Shining One

Shops:
D:3 *   D:5 [   D:7 !?![*   D:11 (

Portals:
Abyss: D:11

Annotations:
D:11 2 transporters, Zeld's ghost, journeyman DrCj


Innate Abilities, Weirdness & Mutations

Your life essence is reduced to manifest your ancestor. (-10% HP)
You are too large for most types of armour.
You have claws for hands.
Your natural rate of healing is unusually fast.
You are covered in fur. (AC +1)
You have tough skin. (AC +1)


Message History

Things that are here:
a +0 dagger; a +0 robe
Okay, then.
You start removing your amulet.
You continue taking off your amulet of reflection. x4
You finish taking off your amulet of reflection.
You start putting on your amulet.
You continue putting on your amulet of regeneration.
The spriggan closely misses you.
The spriggan rider shouts!
You continue putting on your amulet of regeneration.
The spriggan rider misses you.
The spriggan hits you with a +2 dagger of draining.
Keep equipping yourself?
Uppercase [Y]es or [N]o only, please.
Keep equipping yourself?
You feel drained.
You continue putting on your amulet of regeneration.
The spriggan rider barely misses you. The spriggan completely misses you.
You continue putting on your amulet of regeneration.
The spriggan rider barely misses you. The spriggan closely misses you.
You continue putting on your amulet of regeneration.
The spriggan rider hits you with a +0 spear!
* * * LOW HITPOINT WARNING * * *
The spriggan barely misses you.
You finish putting on your amulet of regeneration.
The amulet cannot attune itself to your injured body.
I - an amulet of regeneration (around neck)
The spriggan rider hits you from afar with a +0 spear.
* * * LOW HITPOINT WARNING * * *
The spriggan barely misses you.
The spriggan rider hits you from afar with a +0 spear.
* * * LOW HITPOINT WARNING * * *
The spriggan rider barely misses you.
As you read the scroll of teleportation, it crumbles to dust.
You feel strangely unstable.
The spriggan rider hits you from afar with a +0 spear!
* * * LOW HITPOINT WARNING * * *
The spriggan rider hits you from afar with a +0 spear!
You die...

#### ### ########## ##..####
###.####.#..#.#.####..PP.##
##..............÷...........
#P......###..########.#####.
##......# ♣..♣ ♣.♣ ##
#......## ♣..♣ ♣♣. #
#......# ♣@.♣ ♣. # ##....##
♣..♣ .♣ # #.....# ♣♣i♣♣ ♣
##....# ♣i♣♣ ##....# ♣♣.♣
#....## ♣.♣♣ ##...# ♣.♣
#...# ♣.♣♣ ##...# ♣†)♣


You could see a spriggan rider and a spriggan.

Vanquished Creatures
  Harold (D:7)
  A boulder beetle (D:11)
  A hydra (Lair:1)
  A two-headed ogre (D:12)
  Pikel (D:7)
  A cyclops (D:11)
  A black mamba (Lair:1)
  Maurice (D:8)
  A cane toad (Lair:3)
  4 komodo dragons
  A rime drake (Lair:2)
  A polar bear (Lair:3)
  4 blink frogs (Lair:1)
  2 spriggans (Lair:3)
  Eustachio (D:4)
  A shadow (D:11)
  2 wraiths
  A vampire (D:10)
  20 yaks
  A steam dragon (D:8)
  A vampire mosquito (D:10)
  5 water moccasins
  5 orc warriors
  A sky beast (D:5)
  11 wolves
  6 ogres
  A necrophage (D:5)
  4 centaurs
  A phantom (D:6)
  4 bullfrogs
  A water moccasin zombie (D:6)
  A scorpion (D:3)
  Dowan (D:7)
  5 killer bees (D:9)
  3 wights (D:7)
  A howler monkey (D:11)
  2 bullfrog zombies (D:5)
  2 centaur zombies
  4 orc priests
  3 jellies
  5 orc wizards
  An iguana (D:5)
  Ijyb (D:3)
  A hound skeleton (D:4)
  A howler monkey zombie (D:9)
  8 gnolls
  7 adders
  A howler monkey skeleton (D:6)
  A white imp (D:7)
  2 dart slugs
  34 orcs
  6 endoplasms
  4 giant cockroaches
  9 goblins
  4 hobgoblins
  2 jackals (D:4)
  3 quokkas
  5 ball pythons
  6 bats
  4 frilled lizards
  15 kobolds
  8 rats
  A spectral kobold (D:1)
238 creatures vanquished.

Vanquished Creatures (collateral kills)
  A hydra (Lair:2)
  3 two-headed ogres (D:10)
  A black mamba (Lair:2)
  A cane toad (Lair:1)
  A kobold demonologist (D:12)
  2 komodo dragons
  4 blink frogs (Lair:1)
  4 yaks (Lair:1)
  2 vampire mosquitoes (D:10)
  3 water moccasins
  Duvessa (D:7)
  5 orc warriors
  4 wolves (Lair:3)
  2 centaurs
  An ogre (D:6)
  A lemure (D:7)
  2 kobold brigands
  2 bullfrogs
  2 scorpions (D:5)
  A killer bee (D:9)
  A howler monkey (D:11)
  2 centaur zombies (D:8)
  A bullfrog skeleton (D:5)
  Crazy Yiuf (D:3)
  2 orc priests (D:7)
  2 gnoll shamans (D:5)
  2 hounds
  An iguana (D:6)
  A scorpion zombie (D:5)
  9 orc wizards
  A killer bee zombie (D:8)
  8 gnolls
  A howler monkey skeleton (D:6)
  2 adders
  A white imp (D:5)
  8 orcs
  An endoplasm (D:3)
  A giant cockroach (D:4)
  A jackal (D:4)
  2 quokkas (D:5)
  A ball python (D:4)
  3 kobolds
95 creatures vanquished.

Vanquished Creatures (others)
  6 battlemagi
  14 fungi
  46 plants
66 creatures vanquished.

Grand Total: 399 creatures vanquished

Notes
Turn   | Place    | Note
-------+----------+-------------------------------------------
     0 | D:1      | issech the Troll Monk began the quest for the Orb.
     0 | D:1      | Reached XP level 1. HP: 22/22 MP: 0/0
   297 | D:1      | Found a faded altar of an unknown god.
   300 | D:1      | Reached XP level 2. HP: 29/29 MP: 1/1
   416 | D:1      | Reached skill level 3 in Maces & Flails
   579 | D:1      | Reached XP level 3. HP: 35/36 MP: 2/2
  1112 | D:2      | Found a sparkling altar of Nemelex Xobeh.
  1674 | D:2      | Reached XP level 4. HP: 17/44 MP: 3/3
  1710 | D:3      | Reached skill level 4 in Maces & Flails
  1723 | D:3      | HP: 2/44 [poisoned by an adder]
  1856 | D:3      | HP: 1/44 [gnoll/+0 flail (6)]
  1932 | D:3      | Found a snail-covered altar of Cheibriados.
  1964 | D:3      | Reached XP level 5. HP: 20/52 MP: 4/4
  2042 | D:3      | Found a runed translucent door.
  2043 | D:3      | Noticed Crazy Yiuf
  2278 | D:3      | HP: 2/53 [poisoned by a scorpion]
  2283 | D:3      | HP: 2/53 [poisoned by a scorpion]
  2428 | D:3      | Found Amorygi's General Store.
  2468 | D:3      | Found a hazy altar of Hepliaklqana.
  2473 | D:3      | Became a worshipper of Hepliaklqana the Forgotten
  2473 | D:3      | Reached * piety under Hepliaklqana
  2473 | D:3      | Reached ** piety under Hepliaklqana
  2474 | D:3      | Remembered your ancestor Nenetl as a battlemage
  2489 | D:3      | Noticed Ijyb
  2492 | D:3      | Killed Ijyb
  2493 | D:3      | Reached XP level 6. HP: 53/54 MP: 5/5
  2670 | D:3      | Killed Crazy Yiuf
  2681 | D:3      | Identified the +3 mace of the Shoals {vorpal, rPois rF+
                  | rCorr}
  3003 | D:4      | Noticed Eustachio
  3016 | D:4      | Killed Eustachio
  3017 | D:4      | Reached skill level 5 in Maces & Flails
  3017 | D:4      | Reached XP level 7. HP: 35/60 MP: 6/6
  3345 | D:4      | Found a sparkling altar of Nemelex Xobeh.
  3453 | D:5      | Entered Level 5 of the Dungeon
  3473 | D:5      | Reached skill level 1 in Throwing
  3610 | D:5      | Reached skill level 6 in Maces & Flails
  3610 | D:5      | Reached XP level 8. HP: 70/70 MP: 7/7
  3686 | D:5      | Reached *** piety under Hepliaklqana
  3949 | D:5      | Reached skill level 5 in Dodging
  4143 | D:5      | Found Haymon's Dragon-Slaying Spoils.
  4488 | D:6      | Reached skill level 7 in Maces & Flails
  4723 | D:6      | Reached XP level 9. HP: 54/76 MP: 8/8
  5433 | D:7      | Found Gona's Distillery.
  5489 | D:7      | Noticed Harold
  5494 | D:7      | Identified the +7 mace of Watchfulness {speed, rPois Str+4
                  | Dex+3}
  5497 | D:7      | Killed Harold
  5498 | D:7      | Reached skill level 5 in Fighting
  5498 | D:7      | Reached skill level 8 in Maces & Flails
  5523 | D:7      | Reached **** piety under Hepliaklqana
  5523 | D:7      | Found a staircase to the Ecumenical Temple.
  5540 | Temple   | Entered the Ecumenical Temple
  5715 | D:7      | Found an ancient bone altar of Kikubaaqudgha.
  5745 | D:7      | Found Joane's Armour Shop.
  5760 | D:7      | Noticed Pikel
  5764 | D:7      | Found Kopam's Distillery.
  5776 | D:7      | Killed Pikel
  5815 | D:7      | Found Hanam's Magic Scroll Shop.
  5931 | D:7      | Found Anuy's Assorted Antiques.
  5977 | D:7      | Noticed Dowan
  5978 | D:7      | Noticed Duvessa
  5987 | D:7      | Killed Dowan
  6139 | D:7      | Killed Duvessa
  6140 | D:7      | Reached XP level 10. HP: 46/87 MP: 9/9
  6442 | D:8      | Reached skill level 9 in Maces & Flails
  6625 | D:8      | Noticed Maurice
  6633 | D:8      | Killed Maurice
  7429 | D:9      | Found a staircase to the Orcish Mines.
  7516 | D:9      | Reached ***** piety under Hepliaklqana
  8061 | D:10     | Entered Level 10 of the Dungeon
  8118 | D:10     | Found a hide-covered altar of Uskayaw.
  8119 | D:10     | Found a shadowy altar of Dithmenos.
  8319 | D:10     | Noticed a two-headed ogre
  8324 | D:10     | Killed a two-headed ogre
  8325 | D:10     | Reached skill level 10 in Maces & Flails
  8469 | D:10     | Noticed a two-headed ogre
  8475 | D:10     | Killed a two-headed ogre
  8798 | D:10     | Noticed a two-headed ogre
  8806 | D:10     | Killed a two-headed ogre
  8807 | D:10     | Reached XP level 11. HP: 56/96 MP: 10/10
  9346 | D:11     | Reached skill level 5 in Throwing
  9452 | D:11     | Noticed a wizard
  9508 | D:11     | Found a staircase to the Lair.
  9575 | D:11     | Found a one-way gate to the infinite horrors of the Abyss.
  9575 | D:11     | Noticed Zeld's ghost (journeyman DrCj)
  9593 | D:11     | Found a transporter.
  9621 | D:11     | Noticed a boulder beetle
  9635 | D:11     | Killed a boulder beetle
  9727 | D:11     | Found Pyac's Weapon Boutique.
  9784 | D:11     | Found a transporter.
  9875 | D:11     | Noticed a red ugly thing
 10143 | D:12     | Reached skill level 11 in Maces & Flails
 10225 | D:12     | Noticed a two-headed ogre
 10242 | D:12     | Killed a two-headed ogre
 10268 | D:12     | Noticed a four-headed hydra
 10383 | Lair:1   | Entered Level 1 of the Lair of Beasts
 10772 | Lair:1   | Reached XP level 12. HP: 85/107 MP: 11/11
 10918 | Lair:1   | Reached skill level 12 in Maces & Flails
 11044 | Lair:1   | Noticed a four-headed hydra
 11053 | Lair:1   | Killed a four-headed hydra
 12236 | Lair:2   | Noticed a seven-headed hydra
 12242 | Lair:2   | Killed a seven-headed hydra
 12243 | Lair:2   | Reached skill level 5 in Stealth
 12898 | Lair:3   | Found a staircase to the Shoals.
 13224 | Lair:3   | Reached ****** piety under Hepliaklqana
 13415 | Lair:3   | Slain by a spriggan rider

Illustrated notes

Levels and vault maps discovered:
D:1:      psy_arrival_wood_between_worlds, layout_loops_ring,
          dreamdust_ecumenical_altar_drowned_temple, st_stairs_7,
          lemuel_old_faithful
D:2:      layout_loops_ring, basic_altar, st_stairs_1, minmay_tiny_reverse_x
D:3:      layout_rooms, mainiacjoe_overflow_boulevard,
          mainiacjoe_overflow_six_doors_small, serial_shops, shop,
          serial_park_tiny_pond, uniq_ijyb, uniq_crazy_yiuf_cottage
D:4:      layout_loops_ring, mainiacjoe_overflow_small_starburst, serial_glass,
          glass_columns_a, glass_columns_a, item_on_display_a,
          due_unseen_surprise, uniq_eustachio
D:5:      layout_loops_cross, nicolae_shop_dragon_depot
D:6:      layout_basic
D:7:      layout_rooms, kennysheep_little_box, temple_statues, serial_shops,
          shop, nicolae_shop_trees, shop, nicolae_shop_crystal, shop_fountains,
          uniq_duvessa, uniq_harold, uniq_pikel
D:8:      layout_loops_corners, minmay_misc_feat_iff, uniq_maurice
D:9:      layout_basic, orc_0_dummy
D:10:     layout_irregular_city, chequers_temple_overflow_statue_of_worship
D:11:     layout_roguey [special_room_orc], david_lair_shrubbed, serial_shops,
          kennysheep_mini, gammafunk_ghost_abyssal_escape
D:12:     layout_roguey, gauntlet_entry_generic, grunt_decor_mini_mirrors,
          hangedman_ranch, uniq_psyche
Temple:   regret_index_temple_sphere_string
Lair:1:   layout_loops_ring, grunt_megastairs_2
Lair:2:   layout_cave_pods, guppyfry_lair_drakes
Lair:3:   kb_forest_paths, layout_chaotic_city, minmay_shoals_entry_centaurs,
          hellmonk_spider_entry_life_and_decay, minivault_19, uniq_nergalle

Skill      XL: |  1  2  3  4  5  6  7  8  9 10 11 12 |
---------------+-------------------------------------+-----
Maces & Flails | 3 4 5 6 7 8 10 11 12 | 12.8
Dodging        | 3 4 5 6 7 8 |  8.1
Fighting       | 3 4 5 6 7 8 |  8.4
Throwing       | 1 2 4 5 |  5.9
Stealth        | 2 3 4 5 |  5.2

Action                   |  1- 3 |  4- 6 |  7- 9 | 10-12 || total
-------------------------+-------+-------+-------+-------++-------
Melee: Mace              |   122 |    74 |   203 |   572 ||   971
       Punch             |     3 |     1 |     3 |    15 ||    22
       Spear             |       |    24 |       |       ||    24
       Flail             |       |    19 |       |       ||    19
Throw: Stone             |     8 |       |       |    13 ||    21
       Boomerang         |     1 |     7 |    27 |    61 ||    96
       Large rock        |       |       |       |    14 ||    14
Invok: Ancestor Life: Ba |       |     1 |       |       ||     1
  Use: Potion            |       |     2 |       |       ||     2
       Scroll            |       |       |     8 |     7 ||    15
 Stab: Sleeping          |     3 |       |     7 |     7 ||    17
       Distracted        |       |     1 |       |     8 ||     9
Armor: Robe              |    45 |    63 |    39 |    89 ||   236
Dodge: Dodged            |    80 |   106 |    94 |   247 ||   527
Block: Other             |       |       |       |    12 ||    12
       Reflection        |       |       |       |     2 ||     2
